 Dungeon Crawl Stone Soup version 0.29-a0-251-g80730f7218 (webtiles) character file.

Game seed: 8752891388377233456

172 Ordine the Slasher (level 5, -2/29 (32) HPs)
             Began as a Tengu Warper on Mar 5, 2022.
             Slain by a gnoll
             ... wielding a +1 flail of draining
              (11 damage)
             ... on level 3 of the Dungeon.
             The game lasted 00:06:51 (3787 turns).

Ordine the Slasher (Tengu Warper)                   Turns: 3787, Time: 00:06:52

HP:   -2/29 (32)    AC: 11    Str: 12    XL:     5   Next: 52%
MP:   9/9           EV:  6    Int: 13    God:
Gold: 127           SH:  5    Dex: 15    Spells: 8/8 levels left

rFire   . . .      SeeInvis .   a - +0 falchion
rCold   + . .      Faith    .   (no shield)
rNeg    . . .      Spirit   .   w - +0 chain mail
rPois   .          Reflect  +   (helmet restricted)
rElec   .          Harm     .   v - +2 cloak
rCorr   .          Rampage  .   (no gloves)
Will    .....                   (boots unavailable)
Stlth   ..........              e - amulet of reflection
HPRegen 0.09/turn               u - ring of protection from cold
MPRegen 0.11/turn               (no ring)

@: flying quickly and evasively, drained, quick
A: beak, talons 3, nimble flight
a: no special abilities


You were on level 3 of the Dungeon.
You visited 1 branch of the dungeon, and saw 4 of its levels.

You collected 127 gold pieces.

Inventory:

Hand Weapons
 a - a +0 falchion (weapon)
 b - a +0 short sword of venom
Missiles
 d - 5 boomerangs of dispersal
 q - 3 poisoned darts
 r - 5 atropa-tipped darts
 x - a throwing net
Armour
 i - a scarf of harm
 n - a +0 kite shield
 v - a +2 cloak (worn)
 w - a +0 chain mail (worn)
Jewellery
 e - an amulet of reflection (around neck)
 u - a ring of protection from cold (left hand)
Wands
 t - a wand of mindburst (16)
Scrolls
 c - 2 scrolls of blinking
 f - a scroll of fog {unknown}
 g - a scroll of vulnerability {unknown}
 h - a scroll of magic mapping {unknown}
 k - a scroll of enchant armour {unknown}
 p - a scroll of identify {unknown}
 s - a scroll of teleportation {unknown}
Potions
 j - a potion of attraction {unknown}
 l - 2 potions of heal wounds {unknown}
 m - a potion of might {unknown}
 o - a potion of flight {unknown}


   Skills:
 + Level 3.2 Fighting
 * Level 4.5 Long Blades
 + Level 2.5 Throwing
 - Level 1.1 Armour
 - Level 2.1 Dodging
 - Level 2.0 Spellcasting
 - Level 2.4 Translocations


You had 8 spell levels left.
You didn't know any spells.
Your spell library contained the following spells:

 Spells                   Type           Power      Damage    Failure   Level
 Beastly Appendage        Tmut           2%         N/A       100%        1
 Shock                    Conj/Air       4%         1d3       100%        1
 Sting                    Tmut/Pois      4%         1d3       100%        1
 Blink                    Tloc           14%        N/A       100%        2
 Poisonous Vapours        Pois/Air       2%         N/A       100%        2
 Wereblood                Tmut           1%         N/A       100%        2
 Gell's Gravitas          Tloc           7%         N/A       100%        3
 Lesser Beckoning         Tloc           7%         N/A       100%        3
 Spider Form              Tmut/Pois      1%         N/A       100%        3
 Swiftness                Air            1%         N/A       100%        3
 Teleport Other           Tloc           7%         N/A       100%        3
 Airstrike                Air            0%         N/A       100%        4
 Olgreb's Toxic Radiance  Pois           1%         N/A       100%        4
 Manifold Assault         Tloc           7%         N/A       100%        5


Dungeon Overview and Level Annotations

Branches:
Dungeon (4/15)
 Temple: D:4-7

Altars:

Shops:
D:3 (


Innate Abilities, Weirdness & Mutations

You have a beak for a mouth.
You have claws for feet.
Your magical nature lets you fly swiftly and evasively.


Message History

The gnoll is almost dead.
The gnoll hits you but does no damage.
You hit the gnoll.
You kill the gnoll!
No target in view!
x - a throwing net
Things that are here:
a +0 whip; a gnoll corpse HP restored.
Done exploring.
There is a stone staircase leading down here.
Done exploring.
You fly downwards.
You block the gnoll's attack.
There is a stone staircase leading up here.
You barely miss the gnoll. You claw the gnoll.
The gnoll is lightly wounded.
The gnoll hits you but does no damage. You block the gnoll's attack.
The gnoll hits you from afar with a +3 halberd.
The gnoll hits you but does no damage.
You fly upwards.
There is a stone staircase leading down here.
You barely miss the gnoll. Your kick misses the gnoll.
Your peck misses the gnoll.
The gnoll is lightly wounded.
The gnoll hits you with a +1 flail of draining!
You feel drained. You block the gnoll's attack.
You barely miss the gnoll. You claw the gnoll!
You kill the gnoll!
You block the gnoll's attack. The gnoll hits you but does no damage.
You feel drained.
You slash the gnoll! You claw the gnoll, but do no damage.
The gnoll is heavily wounded.
The gnoll hits you with a +1 flail of draining!
You feel drained.
You are too injured to fight recklessly!
You barely miss the gnoll.
The gnoll is heavily wounded.
The gnoll hits you with a +1 flail of draining!
You die...

#.......##
#....)........#
#..#.#...#
############.>##
####..#...#.# #####
#....
....[...#...###...#
#.###
.##...####........#
#.###
.##........####...#
#..[. .##........#
##.## #####
.##.######## #g#
.##.....# #@#
.######.########)##
## #.....#.......#
#.....#.##.##.#
#.....#.##.##.#
#.....#.##.##.#
#.....#.##.##.#
#######.##.##.#
##### #.......#


You could see a gnoll.

Vanquished Creatures
  An orc priest (D:2)
  5 adders
  2 gnolls (D:3)
  3 worms (D:2)
  2 dart slugs (D:3)
  2 orcs
  7 ball pythons
  6 endoplasms
  5 giant cockroaches (D:1)
  A goblin (D:2)
  5 hobgoblins
  9 kobolds
  3 quokkas
  6 bats
  3 frilled lizards
  5 rats
65 creatures vanquished.

Notes
Turn   | Place    | Note
-------+----------+-------------------------------------------
     0 | D:1      | Ordine the Tengu Warper began the quest for the Orb.
     0 | D:1      | Reached XP level 1. HP: 12/12 MP: 4/4
   320 | D:1      | Reached XP level 2. HP: 15/17 MP: 6/6
  1337 | D:1      | Found a faded altar of an unknown god.
  1348 | D:1      | Reached skill level 3 in Long Blades
  1756 | D:2      | Reached XP level 3. HP: 22/22 MP: 7/7
  2187 | D:2      | Reached XP level 4. HP: 15/27 MP: 8/8
  2504 | D:2      | Reached skill level 4 in Long Blades
  2792 | D:2      | Gained mutation: Your magical nature lets you fly swiftly
                  | and evasively. [Tengu growth]
  2792 | D:2      | Reached XP level 5. HP: 23/32 MP: 9/9
  3460 | D:3      | Found Unkem's Weapon Boutique.
  3787 | D:3      | Slain by a gnoll

Illustrated notes

Levels and vault maps discovered:
D:1:      spicycebolla_arrival_xxxplode, layout_basic,
          shapermc_ecumenical_altar_venn
D:2:      layout_rooms, minmay_vboxes
D:3:      layout_loops_cross, serial_shops, nicolae_shop_behind_doors
D:4:      layout_loops_corners, gammafunk_temple_overflow_elements,
          xom_confusion_cloud

Skill      XL: |  1  2  3  4 |
---------------+-------------+-----
Long Blades    | 3 4 |  4.5
Throwing       | 2 |  2.5
Fighting       | 3 |  3.2
Armour         | |  1.1
Dodging        | |  2.1
Spellcasting   | |  2.0
Translocations | |  2.4

Action                   |  1- 3 |  4- 6 || total
-------------------------+-------+-------++-------
Melee: Falchion          |    94 |    73 ||   167
       Kick              |    21 |    14 ||    35
       Peck              |    11 |     6 ||    17
 Stab: Sleeping          |     2 |     1 ||     3
Armor: Leather armour    |    21 |    12 ||    33
       Chain mail        |       |     8 ||     8
Dodge: Dodged            |    54 |    34 ||    88
Block: Other             |    21 |    23 ||    44
       Reflection        |       |     1 ||     1

Table legend: (Time is in decaauts)
 A = Elapsed time spent in this place.
 B = Non-inter-level travel time spent in this place.
 C = Inter-level travel time spent in this place.
 D = Time resting spent in this place.
 E = Time spent auto-exploring this place.
 F = Levels seen in this place.
 G = Mean time per level.
                   A        B        C        D        E       F      G
               +--------+--------+--------+--------+--------+-----+--------+
         Total |   3738 |   3639 |     99 |      0 |   3123 |   4 |  934.5 |
       Dungeon |   3738 |   3639 |     99 |      0 |   3123 |   4 |  934.5 |
               +--------+--------+--------+--------+--------+-----+--------+

Top non-repeatable levels by time:
     D:1: 1957 daAuts
     D:2: 1113 daAuts
     D:3: 648 daAuts
     D:4: 17 daAuts
